 Dungeon Crawl Stone Soup version 0.31-a0-1074-g0b22e4e0f1 (webtiles) character file.

Game seed: 13605619055843635999

119260 avis the Spry (level 16, -5/78 HPs)
             Began as a Felid Shapeshifter on Dec 3, 2023.
             Was an Initiate of Gozag.
             Slain by a salamander tyrant (11 damage)
             ... on level 3 of the Snake Pit on Dec 6, 2023.
             The game lasted 03:45:57 (37290 turns).

avis the Spry (Felid Shapeshifter)                 Turns: 37290, Time: 03:45:58

Health: -5/78      AC:  3    Str: 10    XL:     16   Next: 27%
Magic:  5/25       EV: 42    Int: 23    God:    Gozag
Gold:   2696       SH:  0    Dex: 24    Spells: 1/25 levels left
                                        Lives:  0   Deaths: 6

rFire   + .          .
                       - Unarmed
rCold   + + .        (shield unavailable)
rNeg    + . .        (body armour unavailable)
rPois   +            (helmet unavailable)
rElec   +            (cloak unavailable)
rCorr   +            (gloves unavailable)
SInv    +            (boots unavailable)
Will    ++...        z - macabre finger necklace {Finger+ rN+}
Stlth   +++          B - +6 ring of intelligence
HPRegen 0.33/turn    d - ring "Luzaffin" {Wiz rElec rPois Dex+3}
MPRegen 0.19/turn    F - ring "Vuul" {EV+5 Int+3}

%: wizardry (x1)
@: blade hands, resistant, weakened, gold aura, studying Fighting, quick
A: very small, (claws 1), fangs 3, see invisible, speed 1, shaggy fur 3,
(stealthy paws), no weapons or thrown items, no armour, multi-lived
a: Begin Untransformation, Renounce Religion, Potion Petition, Call Merchant,
Bribe Branch


You were on level 3 of the Snake Pit.
You worshipped Gozag.
Gozag was most pleased with you.
You had blades for front paws.
You visited 5 branches of the dungeon, and saw 20 of its levels.
You also visited: Bailey.

You collected 7704 gold pieces.
You spent 3693 gold pieces at shops.
You paid 1315 gold pieces to Gozag.

Inventory:

Jewellery
 d - the ring "Luzaffin" (right blade hand) {Wiz rElec rPois Dex+3}
   (You bought it in a shop on level 2 of the Orcish Mines)

   [ring of wizardry]

   Wiz:       It improves your spell success rate.
   Dex+3:     It affects your dexterity (+3).
   rElec:     It insulates you from electricity.
   rPois:     It protects you from poison
 h - a +5 ring of evasion
 m - the ring of Nikefes {rC- rN+ rCorr Dex+6 Slay+6}
   (You acquired it on level 1 of the Lair of Beasts)

   [ring of dexterity]

   Dex+6:     It affects your dexterity (+6).
   Slay+6:    It affects your accuracy & damage with ranged weapons and melee
   (+6).
   rC-:       It makes you vulnerable to cold.
   rN+:       It protects you from negative energy.
   rCorr:     It protects you from acid and corrosion.
 q - the ring of Makhleb's Wrath {+Blink rC+ Will+ MP+9 Str-3}
   (You found it on level 5 of the Lair of Beasts)

   [ring of willpower]

   Str-3:     It affects your strength (-3).
   rC+:       It protects you from cold.
   Will+:     It increases your willpower.
   MP+9:      It affects your magic capacity (+9).
   +Blink:    It lets you blink.
 t - a ring of fire
 u - a ring of poison resistance
 z - the macabre finger necklace (around neck) {Finger+ rN+}
   (You bought it in a shop on level 1 of the Lair of Beasts)

   [amulet of nothing]

   Finger+:   It enables you to equip an extra ring.
   rN+:       It protects you from negative energy.
 B - a +6 ring of intelligence (left blade hand)
 E - a +5 ring of evasion
 F - the ring "Vuul" (on amulet) {EV+5 Int+3}
   (You bought it in a shop on level 1 of the Lair of Beasts)

   [ring of evasion]

   EV+5:      It affects your evasion (+5).
   Int+3:     It affects your intelligence (+3).
 H - a ring of protection from cold
Talismans
 l - a blade talisman (active)
 s - the serpent talisman of Makhleb's Inspiration {rC+}
   (You took it off Aizul on level 2 of the Snake Pit)

   [serpent talisman]

   rC+:       It protects you from cold.
Wands
 o - a wand of flame (49)
Scrolls
 c - 4 scrolls of fear
 e - 3 scrolls of poison
 g - 3 scrolls of torment
 i - 2 scrolls of blinking {unknown}
 j - 3 scrolls of fog {unknown}
 n - 6 scrolls of noise
 x - 2 scrolls of vulnerability {unknown}
 y - 3 scrolls of summoning
 A - 6 scrolls of teleportation
 C - 2 scrolls of amnesia
 I - a scroll of brand weapon
Potions
 a - 4 potions of lignification
 b - 2 potions of resistance
 f - a potion of ambrosia
 k - 3 potions of brilliance
 p - 8 potions of curing
 r - 2 potions of attraction
 v - 5 potions of might
 w - 2 potions of berserk rage
 D - 2 potions of enlightenment
 J - a potion of invisibility


   Skills:
 - Level 13.1 Fighting
 - Level 18.0 Dodging
 - Level 3.0 Stealth
 - Level 10.0 Unarmed Combat
 * Level 5.3 Spellcasting
 - Level 5.0 Hexes
 + Level 6.4 Summonings
 - Level 10.0 Translocations
 - Level 1.0 Transmutations
 - Level 2.0 Ice Magic
 - Level 2.0 Evocations
 + Level 16.7 Shapeshifting


You had one spell level left.
You knew the following spells:

 Your Spells              Type           Power      Damage    Failure   Level
b - Blink                 Tloc           100%       N/A       1%          2
e - Wereblood             Tmut           10%        N/A       3%          2
f - Summon Forest         Summ/Tloc      22%        N/A       3%          5
g - Summon Guardian Gole  Hex/Summ       32%        N/A       1%          3
m - Manifold Assault      Tloc           51%        N/A       1%          4
o - Ozocubu's Armour      Ice            15%        N/A       4%          3
v - Summon Mana Viper     Hex/Summ       32%        N/A       10%         5

Your spell library contained the following spells:

 Spells                   Type           Power      Damage    Failure   Level
 Slow                     Hex            100%       N/A       1%          1
 Summon Small Mammal      Summ           100%       N/A       1%          1
 Magic Dart               Conj           24%        1d4       3%          1
 Sting                    Tmut/Pois      32%        1d4       3%          1
 Call Imp                 Summ           70%        N/A       1%          2
 Ensorcelled Hibernation  Hex/Ice        44%        N/A       1%          2
 Call Canine Familiar     Summ           35%        N/A       1%          3
 Confusing Touch          Hex            29%        N/A       1%          3
 Sigil of Binding         Hex            29%        N/A       1%          3
 Tukima's Dance           Hex            29%        N/A       1%          3
 Passage of Golubria      Tloc           51%        N/A       1%          4
 Passwall                 Tmut/Erth      6%         N/A       4%          2
 Inner Flame              Hex/Fire       17%        N/A       4%          3
 Cause Fear               Hex            14%        N/A       4%          4
 Iskenderun's Mystic Bla  Conj/Tloc      29%        2d7       4%          4
 Vhi's Electric Charge    Tloc/Air       58%        N/A       4%          4
 Poisonous Vapours        Pois/Air       12%        N/A       6%          2
 Static Discharge         Conj/Air       12%        3-4/arc   6%          2
 Sublimation of Blood     Necr           6%         N/A       6%          2
 Summon Ice Beast         Ice/Summ       25%        N/A       6%          4
 Hailstorm                Conj/Ice       10%        3d5       8%          3
 Ignite Poison            Fire/Tmut/Pois 7%         N/A       10%         3
 Mephitic Cloud           Conj/Pois/Air  6%         N/A       11%         3
 Stone Arrow              Conj/Erth      12%        3d7       11%         3
 Swiftness                Air            6%         N/A       11%         3
 Vampiric Draining        Necr           6%         2d6       11%         3
 Metabolic Englaciation   Hex/Ice        11%        N/A       24%         5
 Yara's Violent Unravell  Hex/Tmut       9%         3d6       28%         5
 Airstrike                Air            3%         2d(1-17)  32%         4
 Flame Wave               Conj/Fire      6%         2d5       32%         4
 Olgreb's Toxic Radiance  Pois           6%         N/A       32%         4
 Sticky Flame             Conj/Fire      6%         2d3       32%         4
 Silence                  Hex/Air        8%         N/A       32%         5
 Summon Cactus Giant      Summ           17%        N/A       36%         6
 Alistair's Intoxication  Tmut/Pois      5%         N/A       58%         5
 Arcjolt                  Conj/Air       3%         1d13      65%         5
 Borgnjor's Vile Clutch   Necr/Erth      3%         N/A       65%         5
 Fireball                 Conj/Fire      3%         3d4       65%         5
 Summon Hydra             Summ           17%        N/A       89%         7
 Eringya's Noxious Bog    Tmut/Pois      4%         4d6       98%         6
 Death Channel            Necr           3%         N/A       99%         6
 Plasma Beam              Fire/Air       3%         2x1d13    99%         6
 Ignition                 Fire           3%         3d4       100%        8
 Lehudib's Crystal Spear  Conj/Erth      3%         10d2      100%        8
 Maxwell's Capacitive Co  Air            3%         ∞         100%        8
 Dragon's Call            Summ           17%        N/A       100%        9
 Dimensional Bullseye     Hex/Tloc       Unusable   N/A       N/A         4
 Animate Armour           Summ/Erth      Unusable   N/A       N/A         4
 Animate Dead             Necr           Unusable   N/A       N/A         4
 Simulacrum               Ice/Necr       Unusable   N/A       N/A         6

Dungeon Overview and Level Annotations

Branches:
Dungeon (9/15)             Temple (1/1) D:5            Lair (5/5) D:8
 Shoals (0/4) Lair:3        Snake (3/4) Lair:3        Slime (0/5) Lair:4
    Orc (2/2) D:9             Elf (0/3) Orc:2        Bailey (visited)

Altars:
Ashenzari
Cheibriados
Dithmenos
Elyvilon
Fedhas
Gozag
Hepliaklqana
Kikubaaqudgha
Makhleb
Nemelex Xobeh
Okawaru
Qazlal
Ru
Sif Muna
Trog
Uskayaw
Vehumet
Wu Jian
Xom
Yredelemnul
Zin
The Shining One
Jiyva

Shops:
D:2 ?   D:4 (   Orc:2 ([!=   Lair:1 =   Lair:5 :

Annotations:
D:9 2 transporters
Lair:3 4 transporters, Zenwuu's ghost, adept TeAE


Innate Abilities, Weirdness & Mutations

You have blades for front paws.
((You have sharp claws.))
You have razor-sharp teeth.
You have supernaturally acute eyesight. (SInv)
You cover ground quickly. (Speed+)
Your thick and shaggy fur keeps you warm. (AC +3, rC+)
((Your paws help you pounce on unaware monsters.))
You are incapable of wielding weapons or throwing items.
You cannot wear armour.
You gain extra lives every three experience levels.


Message History

The salamander is almost dead.
The salamander closely misses you.
The salamander tyrant gazes fiercely through you!
You feel as though you will be weak longer.
The salamander tyrant hits you!
You are engulfed in flames!
You resist.
You hit the salamander.
You kill the salamander!
The salamander tyrant gazes fiercely through you!
You feel as though you will be weak longer.
Things that are here:
5 gold pieces; a +0 shortbow of flaming The salamander tyrant attacks as it pursues you!
The salamander tyrant misses you.
Things that are here:
a +0 battleaxe; a +3 trident of flaming You slice the salamander mystic!!
You slash the salamander mystic.
The salamander mystic is moderately wounded.
The salamander mystic hits you with a +0 quarterstaff.
You are engulfed in flames!
You resist. The salamander tyrant hits you.
You are engulfed in flames!
You resist.
You hit the salamander mystic. You slash the salamander mystic!
The salamander mystic is severely wounded.
The salamander mystic completely misses you.
You hit the salamander mystic.
The salamander mystic is severely wounded.
The salamander tyrant completely misses you.
The salamander mystic hits you with a +0 quarterstaff!
You are engulfed in flames!
You resist.
* * * LOW HITPOINT WARNING * * *
You hit the salamander mystic but do no damage.
The salamander mystic is severely wounded.
The salamander tyrant completely misses you.
You slash the salamander mystic! Your bite misses the salamander mystic.
The salamander mystic is almost dead.
The salamander mystic completely misses you.
The salamander tyrant hits you!
* * * LOW HITPOINT WARNING * * *
You are engulfed in flames!
You resist.
You die...
Your body crumbles into a pile of gold.

........##.........###..###...
....N...##........##.###..####.
..N.......###.....## .# ##.## ##
........... #...### #.###...## #
..........###.### #.......###
#.........##..## ##...........
#..N......N.##.# ##..........##
#......N..####N####......####..#
#........# ##@##......######.#
#.N......# ##.N.°....###....#.
#.......## ##..##.....##......#
#......## #..####....#........
#####..# #### ###.##........
#.## .###....... ## ## #.......
##....## ######


You could see a salamander tyrant and a salamander mystic.

Vanquished Creatures
  Saint Roka (Orc:2)
  Aizul (Snake:2)
  Louise (Lair:3)
  2 orc warlords (Orc:1)
  A fire dragon (Lair:5)
  4 hydras
  A catoblepas (Lair:3)
  A centaur warrior (D:8)
  A naga warrior (Snake:3)
  6 anacondas
  3 two-headed ogres
  5 death yaks (Lair:4)
  2 orc high priests (Orc:2)
  2 shock serpents (Snake:2)
  7 naga sharpshooters
  Amaemon (D:8)
  Nergalle (D:8)
  A skyshark (Lair:4)
  A salamander mystic (Snake:1)
  A lindwurm (Lair:5)
  An arcanist (D:9)
  3 orc knights
  2 harpies (Lair:3)
  3 naga ritualists (Snake:1)
  3 mana vipers
  A cyclops (Orc:1)
  Maurice (D:7)
  6 orc sorcerers
  A salamander (Snake:3)
  An ugly thing (D:9)
  3 naga magi
  21 black mambas
  13 cane toads
  3 molten gargoyles (Lair:5)
  6 rime drakes
  An orange demon (D:8)
  2 kobold demonologists (D:9)
  An unseen horror (D:8)
  9 komodo dragons
  Maggie (Lair:1)
  A komodo dragon (shapeshifter) (D:7)
  3 trolls
  A hornet (D:8)
  A meliai (shapeshifter) (D:7)
  A nameless horror (Snake:2)
  11 dream sheep
  2 slime creatures (D:7)
  12 blink frogs
  10 wyverns
  35 yaks
  3 basilisks
  4 steam dragons
  15 nagas
  2 two-headed ogre zombies (D:9)
  An acid dragon (D:8)
  6 wargs
  11 water moccasins
  Edmund (D:6)
  4 hell hounds
  39 orc warriors
  3 sky beasts
  5 ice beasts
  6 black bears
  3 wolves
  4 ogres
  3 phantoms
  3 centaurs
  15 bullfrogs
  5 kobold brigands
  7 wights
  8 killer bees
  2 troll zombies (D:9)
  4 howler monkeys
  2 electric eels
  4 lava snakes (Lair:5)
  5 jellies
  19 orc priests
  2 gnoll boudas
  2 hounds
  4 iguanas
  19 orc wizards
  A sleepcap (D:6)
  4 ogre zombies (D:9)
  2 river rats (D:3)
  11 adders
  11 gnolls
  A shadow imp (D:4)
  A white imp (D:8)
  2 worms (D:3)
  5 dart slugs
  93 orcs
  7 endoplasms
  4 giant cockroaches
  5 gnoll zombies (D:9)
  8 goblins
  6 hobgoblins
  6 quokkas
  9 ball pythons
  5 bats
  A frilled lizard (D:1)
  3 gnoll skeletons (D:9)
  33 kobolds
  3 orc skeletons (D:9)
  14 orc zombies (D:9)
  6 rats
  3 butterflies (Lair:1)
657 creatures vanquished.

Vanquished Creatures (collateral kills)
  2 anacondas
  A shock serpent (Snake:3)
  A salamander (Snake:3)
  2 mana vipers
  A naga mage (Snake:3)
  3 nagas
10 creatures vanquished.

Vanquished Creatures (others)
  3 nagarajas
  A shock serpent (Snake:2)
  2 naga warriors
  A mana viper (Snake:2)
  3 black mambas (Snake:2)
  3 nagas
13 creatures vanquished.

Grand Total: 680 creatures vanquished

Notes
Turn   | Place    | Note
-------+----------+-------------------------------------------
     0 | D:1      | avis the Felid Shapeshifter began the quest for the Orb.
     0 | D:1      | Reached XP level 1. HP: 9/9 MP: 2/2
   193 | D:1      | Reached XP level 2. HP: 8/13 MP: 3/3
   206 | D:1      | Reached skill level 3 in Dodging
   395 | D:1      | Reached skill level 1 in Stealth
   612 | D:2      | Reached XP level 3. HP: 16/16 MP: 4/4
   665 | D:2      | Found Zoatyxt's Magic Scroll Shoppe.
  1233 | D:2      | Reached XP level 4. HP: 15/21 MP: 3/5
  1340 | D:3      | Noticed a black bear
  1427 | D:2      | Killed a black bear
  1428 | D:2      | Reached skill level 5 in Dodging
  1428 | D:2      | Reached XP level 5. HP: 22/24 MP: 3/6
  1504 | D:3      | Found a broken altar of Ashenzari.
  1813 | D:3      | Reached skill level 6 in Dodging
  2140 | D:3      | Gained mutation: You are covered in thick fur. (AC +2)
                  | [Felid growth]
  2140 | D:3      | Reached XP level 6. HP: 26/28 MP: 7/7
  2948 | D:4      | Reached skill level 5 in Shapeshifting
  3134 | D:4      | Found Xopsaol's Weapon Boutique.
  3326 | D:5      | Entered Level 5 of the Dungeon
  3534 | D:5      | Found a basalt altar of Yredelemnul.
  3571 | D:5      | Found a staircase to the Ecumenical Temple.
  3579 | D:5      | Found a burning altar of Makhleb.
  3589 | Temple   | Entered the Ecumenical Temple
  3617 | Temple   | Became a worshipper of Gozag Ym Sagoz the Greedy
  3712 | D:2      | Bought a scroll of revelation for 90 gold pieces
  3712 | D:2      | Bought a scroll of identify for 24 gold pieces
  3712 | D:2      | Bought a scroll of identify for 24 gold pieces
  3763 | D:5      | Reached XP level 7. HP: 16/31 MP: 4/8
  4221 | D:5      | Reached skill level 7 in Dodging
  4260 | D:5      | Noticed a wyvern
  4268 | D:5      | Killed a wyvern
  4269 | D:5      | Reached skill level 8 in Dodging
  4269 | D:5      | Reached XP level 8. HP: 34/34 MP: 9/9
  4420 | D:5      | Found a white marble altar of Elyvilon.
  4708 | D:2      | Bought a scroll of teleportation for 36 gold pieces
  4708 | D:2      | Bought a scroll of amnesia for 48 gold pieces
  4751 | D:6      | Found the +13 scythe of Curses {drain, curses, Drain}
  4833 | D:6      | Reached skill level 1 in Evocations
  4961 | D:6      | Reached skill level 9 in Dodging
  5029 | D:6      | Found a sparkling altar of Nemelex Xobeh.
  5434 | D:6      | Noticed Edmund
  5447 | D:6      | Killed Edmund
  5935 | D:5      | Reached skill level 5 in Fighting
  6494 | D:2      | Bought 3 scrolls of poison for 144 gold pieces
  6494 | D:2      | Bought a scroll of immolation for 48 gold pieces
  6639 | D:7      | HP: 1/37 [gnoll/+0 halberd (7)]
  6912 | D:7      | Reached XP level 9. HP: 40/40 MP: 10/10
  7214 | D:7      | Noticed Maurice
  7295 | D:7      | Killed Maurice
  7526 | D:7      | Reached skill level 10 in Shapeshifting
  7710 | D:8      | Found a staircase to the Lair.
  7758 | D:8      | Found an ornate altar of the Wu Jian Council.
  7977 | D:7      | Reached skill level 5 in Unarmed Combat
  8013 | D:7      | Reached skill level 10 in Dodging
  8325 | D:8      | Noticed a two-headed ogre
  8484 | D:8      | Killed a two-headed ogre
  8485 | D:8      | Reached skill level 11 in Dodging
  8485 | D:8      | Reached XP level 10. HP: 44/44 MP: 11/11
  8499 | D:8      | Noticed a two-headed ogre
  8524 | D:7      | Killed a two-headed ogre
  8525 | D:7      | Reached skill level 12 in Dodging
  8689 | D:8      | Noticed a fire crab
  8689 | D:8      | Noticed a centaur warrior
  8691 | D:8      | Noticed a black mamba
  8856 | D:7      | Engulfed by a fire crab (shapeshifter)'s flame
  9711 | D:8      | Killed a centaur warrior
  9772 | D:8      | Reached skill level 13 in Dodging
 10018 | D:8      | Reached XP level 11. HP: 34/47 MP: 4/12
 10138 | D:8      | Reached skill level 14 in Dodging
 10510 | D:8      | Found a bloodstained altar of Trog.
 10597 | Lair:1   | Entered Level 1 of the Lair of Beasts
 10623 | Lair:1   | Noticed Nergalle
 10776 | D:8      | Reached skill level 15 in Dodging
 10890 | Lair:1   | Noticed Amaemon
 11199 | D:8      | Killed Amaemon
 11357 | D:8      | Noticed a spectral orc warlord
 11357 | D:8      | Killed Nergalle
 12629 | Lair:1   | Learned a level 2 spell: Blink
 12632 | Lair:1   | Learned a level 2 spell: Wereblood
 12758 | Lair:2   | Reached skill level 1 in Spellcasting
 13097 | Lair:2   | Noticed Maggie
 13351 | Lair:1   | Killed Maggie
 13352 | Lair:1   | Reached skill level 1 in Translocations
 13352 | Lair:1   | Gained mutation: Your thick and shaggy fur keeps you warm.
                  | (AC +3, rC+) [Felid growth]
 13352 | Lair:1   | Reached XP level 12. HP: 33/58 MP: 7/14
 13448 | Lair:2   | Reached skill level 10 in Fighting
 13451 | Lair:1   | HP: 1/58 [rime drake/icy flash freeze (11)]
 13461 | Lair:1   | Reached skill level 1 in Transmutations
 14247 | Lair:3   | Found a transporter.
 14330 | Lair:3   | Noticed a catoblepas
 14580 | Lair:3   | Killed a catoblepas
 14746 | Lair:3   | Noticed an eight-headed hydra
 14984 | Lair:2   | Killed an eight-headed hydra
 15166 | Lair:3   | Found a transporter.
 15166 | Lair:3   | Found a transporter.
 15177 | Lair:3   | Noticed Zenwuu's ghost (adept TeAE)
 15213 | Lair:3   | Found a bloodstained altar of Trog.
 15459 | Lair:3   | Found a transporter.
 15517 | Lair:3   | Found a staircase to the Snake Pit.
 15698 | Lair:3   | Noticed a seven-headed hydra
 15805 | Lair:1   | Bought the macabre finger necklace {Finger+ rN+} for 560
                  | gold pieces
 15805 | Lair:1   | Found the macabre finger necklace {Finger+ rN+}
 15823 | Lair:1   | Learned a level 4 spell: Manifold Assault
 16035 | Lair:3   | Found a staircase to the Shoals.
 16568 | Lair:4   | Slain by a skyshark
 16794 | Lair:1   | Bought the ring "Vuul" {EV+5 Int+3} for 690 gold pieces
 16883 | Lair:3   | Killed a seven-headed hydra
 16961 | Lair:4   | Reached skill level 10 in Unarmed Combat
 16961 | Lair:4   | Reached skill level 5 in Translocations
 17031 | Lair:4   | Found a staircase to the Slime Pits.
 17031 | Lair:4   | Found a viscous altar of Jiyva.
 17032 | Lair:4   | Noticed a six-headed hydra
 17037 | Lair:4   | Killed a six-headed hydra
 17551 | Lair:4   | Learned a level 3 spell: Ozocubu's Armour
 17936 | Lair:5   | Entered Level 5 of the Lair of Beasts
 17936 | Lair:5   | Noticed a death yak
 17936 | Lair:5   | Noticed a death yak
 18021 | Lair:4   | Killed a death yak
 18022 | Lair:4   | Reached XP level 13. HP: 51/61 MP: 15/15
 19113 | Lair:4   | HP: 3/61 [poisoned by a cane toad]
 19115 | Lair:4   | Mangled by a cane toad
 19371 | Lair:5   | Got Tyguirch's Parchment of Clouds
 20032 | Lair:5   | Reached skill level 10 in Translocations
 21275 | Lair:5   | Reached skill level 1 in Ice Magic
 21573 | Lair:5   | Found a large runed translucent door.
 21574 | Lair:5   | Found a large runed translucent door.
 21574 | Lair:5   | Noticed a fire dragon
 22014 | Lair:5   | Killed a fire dragon
 22015 | Lair:5   | Reached skill level 15 in Shapeshifting
 22033 | Lair:5   | Identified the ring of Makhleb's Wrath {+Blink rC+ Will+
                  | MP+9 Str-3}
 22312 | Lair:5   | Bought a book of Callings for 300 gold pieces
 22316 | Lair:5   | Learned a level 3 spell: Call Canine Familiar
 22442 | D:9      | Found a bloodstained altar of Trog.
 22445 | D:9      | Found a transporter.
 22516 | D:9      | Found a flagged portal.
 22525 | Bailey   | Entered a bailey
 23270 | Lair:1   | Acquired the ring of Nikefes {rC- rN+ rCorr Dex+6 Slay+6}
 23272 | Lair:1   | Acquired a manual of Fighting
 23559 | D:9      | Found a sacrificial altar of Ru.
 23569 | D:9      | Found a staircase to the Orcish Mines.
 23614 | D:9      | Reached XP level 14. HP: 66/66 MP: 15/18
 23884 | D:9      | Learned a level 3 spell: Summon Guardian Golem
 24185 | D:9      | Found a transporter.
 24568 | Orc:1    | Entered Level 1 of the Orcish Mines
 24686 | Orc:1    | Found an iron altar of Okawaru.
 24937 | Orc:2    | Entered Level 2 of the Orcish Mines
 24969 | Orc:2    | Noticed an orc warlord
 24993 | Orc:1    | Mangled by an orc warlord
 25046 | Orc:1    | Killed an orc warlord
 25244 | Orc:1    | Reached XP level 15. HP: 73/73 MP: 21/21
 25655 | Orc:2    | Reached skill level 16 in Dodging
 27019 | Orc:2    | Found a staircase to the Elven Halls.
 27734 | Orc:2    | Found Zyrchaful's Distillery.
 28332 | Orc:2    | Found Ubba's Jewellery Shoppe.
 28348 | Orc:2    | Bought the ring "Luzaffin" {Wiz rElec rPois Dex+3} for 708
                  | gold pieces
 28659 | Orc:2    | Reached skill level 17 in Dodging
 28789 | Orc:2    | Noticed Saint Roka
 28835 | Orc:2    | Reached skill level 5 in Spellcasting
 30371 | Orc:2    | Killed Saint Roka
 30395 | Orc:2    | Found Mij Oden's Antique Weapon Shop.
 30399 | Orc:2    | Found Peewarap's Antique Armour Boutique.
 30797 | Orc:2    | Bought a potion of curing for 33 gold pieces
 30797 | Orc:2    | Bought a potion of curing for 33 gold pieces
 30797 | Orc:2    | Bought a potion of curing for 33 gold pieces
 30797 | Orc:2    | Bought a potion of curing for 33 gold pieces
 30797 | Orc:2    | Bought 2 potions of berserk rage for 110 gold pieces
 30797 | Orc:2    | Bought a potion of brilliance for 44 gold pieces
 30797 | Orc:2    | Bought a potion of might for 44 gold pieces
 30797 | Orc:2    | Bought 2 potions of might for 88 gold pieces
 30797 | Orc:2    | Bought a potion of lignification for 33 gold pieces
 30922 | Lair:5   | Bought a book of the Wilderness for 570 gold pieces
 30928 | Lair:5   | Learned a level 5 spell: Summon Forest
 30988 | Lair:1   | Learned a level 5 spell: Summon Mana Viper
 31034 | Snake:1  | Entered Level 1 of the Snake Pit
 31042 | Snake:1  | Noticed Louise
 31052 | Lair:3   | Reached skill level 18 in Dodging
 31061 | Lair:3   | Killed Louise
 31062 | Lair:3   | Reached skill level 1 in Summonings
 34723 | Snake:2  | Reached skill level 1 in Hexes
 34827 | Snake:2  | Noticed a nagaraja
 35048 | Snake:1  | Reached skill level 5 in Summonings
 35477 | Snake:2  | Reached XP level 16. HP: 55/78 MP: 9/24
 35674 | Snake:2  | Acquired 926 gold pieces
 35705 | Snake:2  | Mangled by a nagaraja
 35863 | Snake:2  | Identified the serpent talisman of Makhleb's Inspiration
                  | {rC+}
 35863 | Snake:2  | Noticed Aizul
 35882 | Snake:2  | Killed Aizul
 36463 | Snake:3  | Reached skill level 5 in Hexes
 36869 | Snake:3  | Demolished by a naga warrior
 37290 | Snake:3  | Slain by a salamander tyrant

Illustrated notes

Levels and vault maps discovered:
D:1:      dpeg_arrival_lava_temple_mockup, layout_rooms, minivault_4
D:2:      layout_rooms, serial_shops, shop,
          nicolae_concentric_dashed_squares_mild, minmay_heptomino_d4
D:3:      layout_basic, mainiacjoe_overflow_brackets, gup_sewer_entry_spiral,
          ebering_dispersal_statue_hall, grunt_ministairs_1
D:4:      layout_rooms, kennysheep_windowed_goal
D:5:      layout_cave_pods, kennysheep_ying_yang,
          nicolae_overflow_crystal_walls, temple_fountains,
          roderic_roman_lattice
D:6:      layout_basic, nemelex_diamond_rough_becter,
          wad_floor_pattern_untrapped, minivault_23, uniq_edmund
D:7:      layout_loops_cross, kennysheep_minor_cross, uniq_maurice
D:8:      minmay_the_grid_octo_tiled_octocenter
          [minmay_the_grid_octo_vomiting_pacman, minmay_the_grid_octo_pinwheel,
          minmay_the_grid_octo_concentric, minmay_the_grid_octo_clover_2,
          minmay_the_grid_octo_prize_star,
          minmay_the_grid_square_5x5_two_walls_a,
          minmay_the_grid_square_5x5_doubleslash,
          minmay_the_grid_square_5x5_inner_i, minmay_the_grid_square_5x5_slash],
          layout_cave_pools, mainiacjoe_overflow_tiny_flanked, eino_tiny_chamber
D:9:      layout_basic, nicolae_ru_the_path_less_chosen,
          gammafunk_temple_overflow_arena, zombieorc2_lemuel, enter_bailey_8,
          minivault_20, kennysheep_generic_room_3
Temple:   nicolae_temple_superstar
Lair:1:   layout_regular_city, beast_lair_carwin_6, grunt_megastairs_4,
          infiniplex_staircase_pool, lemuel_fruit_fields, lemuel_fruit_tree,
          uniq_amaemon, uniq_nergalle
Lair:2:   layout_chaotic_city, uniq_maggie
Lair:3:   gammafunk_cloud_chamber, layout_chaotic_city,
          nicolae_shoals_entry_roost, minmay_snake_entry_guardpost_medium,
          gammafunk_ghost_wrathful_warriors, nicolae_quartered_pool_impasse,
          minivault_25
Lair:4:   layout_regular_city, slime_entry_1
Lair:5:   cheibrodos_lair_end_hotspot, layout_long_grid, st_stairs_8
Snake:1:  layout_onion_interference, serial_bayou_shore_b, uniq_louise
Snake:2:  layout_concentric_octagons, uniq_aizul
Snake:3:  layout_chambers, serial_shops, shop, nicolae_large_snake_swirl,
          grunt_megastairs_2
Orc:1:    layout_caves, basic_altar, okawaru_metal_pillars_1_2
Orc:2:    grunt_orc_community_town_hall, layout_caves,
          grunt_orc_community_big_house_1, grunt_orc_community_big_house_2,
          grunt_orc_community_house_2, grunt_orc_community_house_3,
          grunt_orc_community_house_1, grunt_orc_community_house_3,
          grunt_orc_community_house_2, grunt_orc_community_house_3

Skill      XL: |  1  2  3  4  5  6  7  8  9 10 11 12 13 14 15 16 |
---------------+-------------------------------------------------+-----
Fighting       | 2 3 5 9 10 13 | 13.1
Dodging        | 3 5 6 8 9 11 13 15 18 | 18.0
Stealth        | 1 2 3 |  3.0
Shapeshifting  | 4 5 7 8 10 12 15 16 | 16.7
Evocations     | 2 |  2.0
Unarmed Combat | 5 10 | 10.0
Spellcasting   | 1 2 3 5 |  5.3
Translocations | 1 7 10 | 10.0
Transmutations | 1 |  1.0
Ice Magic      | 2 |  2.0
Summonings     | 5 6 |  6.4
Hexes          | 3 5 |  5.0

Action                     |  1- 3 |  4- 6 |  7- 9 | 10-12 | 13-15 | 16-18 || total
---------------------------+-------+-------+-------+-------+-------+-------++-------
  Melee: Unarmed           |    90 |   150 |   304 |   632 |  1202 |    80 ||  2458
         Bite              |     7 |    18 |    46 |    92 |   112 |    11 ||   286
         Punch             |       |     3 |     3 |    38 |    54 |     7 ||   105
   Cast: Manifold Assault  |       |       |       |       |   287 |     1 ||   288
         Ozocubu's Armour  |       |       |       |       |    56 |       ||    56
         Wereblood         |       |       |       |       |     9 |       ||     9
         Summon Guardian G |       |       |       |       |    14 |    16 ||    30
         Summon Mana Viper |       |       |       |       |     1 |    17 ||    18
         Blink             |       |       |       |       |     1 |       ||     1
         Summon Forest     |       |       |       |       |     1 |       ||     1
 Invoke: Call Merchant     |       |       |       |     1 |     1 |       ||     2
  Evoke: Wand              |       |       |     4 |    11 |     9 |       ||    24
    Use: Potion            |       |     1 |     3 |    14 |    11 |     2 ||    31
         Scroll            |       |     6 |     1 |     5 |    11 |     1 ||    24
   Stab: Sleeping          |     5 |     7 |       |     7 |     3 |       ||    22
         Distracted        |       |       |       |     2 |     4 |       ||     6
         Petrified         |       |       |       |     2 |       |       ||     2
         Invisible         |       |       |       |     1 |       |       ||     1
 Armour: Skin              |    22 |    58 |    93 |   256 |   176 |    26 ||   631
  Dodge: Dodged            |    67 |   107 |   254 |   710 |  1009 |   116 ||  2263
   Form: Flux              |       |     1 |       |       |       |       ||     1
         Blade             |       |       |     1 |       |       |     2 ||     3
         Anaconda          |       |       |       |       |       |     2 ||     2

Table legend: (Time is in decaauts)
 A = Elapsed time spent in this place.
 B = Non-inter-level travel time spent in this place.
 C = Inter-level travel time spent in this place.
 D = Time resting spent in this place.
 E = Time spent auto-exploring this place.
 F = Levels seen in this place.
 G = Mean time per level.
                   A        B        C        D        E       F      G
               +--------+--------+--------+--------+--------+-----+--------+
         Total |  33656 |  31331 |   2325 |  14548 |   6837 |  21 | 1602.7 |
       Dungeon |  11459 |  10132 |   1327 |   3267 |   3488 |   9 | 1273.2 |
        Temple |     67 |     20 |     47 |      0 |      0 |   1 |   67.0 |
          Lair |  11954 |  11227 |    727 |   6072 |   2536 |   5 | 2390.8 |
     Snake Pit |   3822 |   3718 |    104 |   1619 |    769 |   3 | 1274.0 |
  Orcish Mines |   5738 |   5620 |    118 |   3232 |     42 |   2 | 2869.0 |
        Bailey |    614 |    614 |      0 |    356 |      0 |   1 |  614.0 |
               +--------+--------+--------+--------+--------+-----+--------+

Top non-repeatable levels by time:
   Orc:2: 3631 daAuts
  Lair:3: 3527 daAuts
  Lair:4: 2759 daAuts
     D:7: 2475 daAuts
  Lair:5: 2281 daAuts
   Orc:1: 2106 daAuts
     D:8: 2039 daAuts
 Snake:1: 1967 daAuts
  Lair:1: 1962 daAuts
  Lair:2: 1423 daAuts
     D:6: 1243 daAuts
 Snake:2: 1223 daAuts
     D:9: 1217 daAuts
     D:5: 1200 daAuts
     D:3: 1163 daAuts
